 Dungeon Crawl Stone Soup version 0.22.1-2-g9c5b331383 (webtiles) character file.

79 McIrco the Sneak (level 4, -2/30 HPs)
             Began as a Vampire Enchanter on Jan 5, 2019.
             Was an Initiate of Dithmenos.
             Slain by a gnoll
             ... wielding a +0 club
              (10 damage)
             ... on level 3 of the Dungeon.
             The game lasted 00:05:28 (5033 turns).

McIrco the Sneak (Vampire Enchanter)                Turns: 5033, Time: 00:05:29

Health: -2/30      AC:  2    Str:  7    XL:     4   Next: 16%
Magic:  1/7        EV: 14    Int: 17    God:    Dithmenos [......]
Gold:   128        SH:  0    Dex: 15    Spells: 4/7 levels left

rFire    . . .     SeeInvis +   a - +1 dagger
rCold    + + .     Gourm    .   (no shield)
rNeg     + + +     Faith    .   b - +0 robe
rPois    ∞         Spirit   .   (no helmet)
rElec    .         Reflect  .   (no cloak)
rCorr    .         Harm     .   (no gloves)
MR       .....                  (no boots)
Stlth    +++++.....             l - amulet of the acrobat
HPRegen  0.00/turn              f - ring of wizardry
MPRegen  0.10/turn              (no ring)

@: bloodless, non-regenerating
A: fangs 3, see invisible, unbreathing
a: Bat Form, Renounce Religion


You were on level 3 of the Dungeon.
You worshipped Dithmenos.
Dithmenos was noncommittal.
You were bloodless.

You visited 1 branch of the dungeon, and saw 3 of its levels.

You collected 128 gold pieces.

Inventory:

Hand Weapons
 a - a +1 dagger (weapon)
Armour
 b - a +0 robe (worn)
 i - a +0 large shield
Jewellery
 f - a ring of wizardry (left hand)
 l - an amulet of the acrobat (around neck)
 p - a +2 ring of dexterity {unknown}
Scrolls
 c - 3 scrolls of identify
 e - a scroll of magic mapping {unknown}
 g - a scroll of random uselessness {unknown}
 j - a scroll of remove curse {unknown}
 k - a scroll of fear {unknown}
 o - a scroll of enchant armour {unknown}
Potions
 d - 12 potions of blood
 h - a potion of haste {unknown}
 m - 3 potions of heal wounds {unknown}
 n - a potion of degeneration {unknown}


   Skills:
 + Level 2.2 Short Blades
 * Level 4.2 Dodging
 - Level 5.0 Stealth
 - Level 2.0 Spellcasting
 - Level 4.4 Hexes


You had 4 spell levels left.
You knew the following spells:

 Your Spells              Type           Power        Failure   Level  Hunger
a - Corona                Hex            ###....      1%          1    #......
b - Ensorcelled Hibernat  Hex/Ice        #.....       4%          2    ###....

Your spell library contained the following spells:

 Spells                   Type           Power        Failure   Level  Hunger
 Confuse                  Hex            ###.....     4%          3    ###....
 Tukima's Dance           Hex            ###.....     4%          3    ###....
 Dazzling Spray           Conj/Hex       #.....       10%         3    ###....


Dungeon Overview and Level Annotations

Branches:
Dungeon (3/15)

Altars:
Dithmenos
Kikubaaqudgha
Qazlal
Yredelemnul


Innate Abilities, Weirdness & Mutations

You do not heal naturally.
You are immune to poison.
You have razor-sharp teeth.
You have supernaturally acute eyesight. (SInv)
You can survive without breathing.


Message History

The orc shouts!
You see here a ring mail.
You closely miss the orc. You bite the orc.
You draw the orc's blood!
You feel better.
You feel slightly less thirsty.
The orc is moderately wounded.
The gnoll hits you with a club. The orc misses you.
You barely miss the orc. You bite the orc, but do no damage.
The orc is moderately wounded.
The orc hits you.
You closely miss the orc.
The orc is moderately wounded.
The gnoll hits you with a club.
* * * LOW HITPOINT WARNING * * *
Casting: Ensorcelled Hibernation (safe; 4% risk of failure)
Confirm with . or Enter, or press ? or * to list all spells.
Aiming: Ensorcelled Hibernation (safe; 4% risk of failure)
Press: ? - help, Shift-Dir - straight line, f - orc, p - gnoll
Aim: an orc, wearing a leather armour (moderately wounded, chance to defeat MR: The orc looks drowsy...
The gnoll hits you with a club!
You die...

#.o...g.h.g...# #.###########.#
#.# #h# #### #g# ### #g# ...
######h###.## #.# ##.##
..o.og.##...## #.#####...#####
#....o.......## #.h.g((........
h...###...<...##########...####
#.<. #.........o@gKhg..(...#
### ##......)###########..#
###.....#.## .....
#......#.#%## #.####
#.###...###.# .. #.# ####.#.##
... #.# ##.## #### #.# #.# #.#
#.#


You could see 2 gnolls, an orc (sleeping), a jackal and a kobold.

Vanquished Creatures
  Terence (D:2)
  4 dart slugs (D:1)
  A leopard gecko (D:1)
  A giant cockroach (D:2)
  3 goblins
  5 hobgoblins (D:1)
  7 jackals
  2 quokkas (D:2)
  A ball python (D:1)
  4 bats
  5 frilled lizards
  5 kobolds
  5 rats
44 creatures vanquished.

Notes
Turn   | Place    | Note
-------+----------+-------------------------------------------
     0 | D:1      | McIrco the Vampire Enchanter began the quest for the Orb.
     0 | D:1      | Reached XP level 1. HP: 13/13 MP: 3/3
  2605 | D:1      | Reached XP level 2. HP: 19/19 MP: 5/5
  3240 | D:1      | Learned a level 2 spell: Ensorcelled Hibernation
  3366 | D:1      | Reached XP level 3. HP: 14/24 MP: 2/6
  3989 | D:2      | Found an ancient bone altar of Kikubaaqudgha.
  4084 | D:2      | Reached skill level 5 in Stealth
  4129 | D:2      | Found a shadowy altar of Dithmenos.
  4154 | D:2      | Became a worshipper of Dithmenos the Shadowed
  4657 | D:2      | Noticed Terence
  4665 | D:2      | Killed Terence
  4665 | D:2      | Reached XP level 4. HP: 30/30 MP: 4/7
  4797 | D:2      | Found a stormy altar of Qazlal.
  4907 | D:2      | Found a basalt altar of Yredelemnul.
  5033 | D:3      | Slain by a gnoll

Skill      XL: |  1  2  3 |
---------------+----------+-----
Dodging        | 3 4 |  4.2
Stealth        | 5 |  5.0
Short Blades   | 2 |  2.2
Spellcasting   | |  2.0
Hexes          | |  4.4

Action                   |  1- 3 |  4- 6 || total
-------------------------+-------+-------++-------
Melee: Dagger            |   100 |     9 ||   109
       Bite              |     5 |     3 ||     8
 Cast: Ensorcelled Hiber |     2 |     5 ||     7
  Use: Potion            |     3 |       ||     3
       Scroll            |     1 |       ||     1
 Stab: Sleeping          |    23 |     3 ||    26
  Eat: Corpse            |     1 |       ||     1
Armor: Robe              |    11 |       ||    11
Dodge: Dodged            |    50 |    10 ||    60
